 Dungeon Crawl Stone Soup version 0.21-a0-581-gb7d493d (webtiles) character file.

341 TheGoonsmith the Magician (level 6, 0/32 HPs)
             Began as a Deep Elf Fire Elementalist on Dec 18, 2017.
             Killed by divine providence
             ... invoked by an orc priest
              (11 damage)
             ... on level 3 of the Dungeon on Dec 19, 2017.
             The game lasted 00:08:24 (3079 turns).

TheGoonsmith the Magician (DEFE)                    Turns: 3079, Time: 00:08:24

Health: 0/32       AC:  6    Str:  5    XL:     6   Next: 30%
Magic:  26/30      EV: 13    Int: 22    God:
Gold:   102        SH:  0    Dex: 15    Spells: 2/15 levels left

rFire    . . .     SeeInvis .   g - staff of power
rCold    . . .     Gourm    .   (no shield)
rNeg     . . .     Faith    .   a - +0 robe
rPois    .         Spirit   .   (no helmet)
rElec    .         Reflect  .   (no cloak)
rCorr    .         Harm     .   (no gloves)
MR       .....                  (no boots)
Stlth    ++........             (no amulet)
HPRegen  0.10/turn              k - +4 ring of protection
MPRegen  0.22/turn              (no ring)

@: no status effects
A: no striking features
a: no special abilities


You were on level 3 of the Dungeon.
You were not hungry.

You visited 1 branch of the dungeon, and saw 4 of its levels.

You collected 102 gold pieces.

Inventory:

Hand Weapons
 d - a +0 dagger
 l - a +2 dagger of venom
Armour
 a - a +0 robe (worn)
Magical Staves
 g - an uncursed staff of power (weapon)
Jewellery
 h - an uncursed amulet of regeneration {unknown}
 k - a +4 ring of protection (left hand)
Wands
 o - a wand of scattershot (4)
Scrolls
 f - 2 scrolls of remove curse
 j - a scroll of fog
 n - a scroll of random uselessness {unknown}
 p - a scroll of fear {unknown}
 r - 2 scrolls of identify
Potions
 e - a potion of lignification
 i - 3 potions of agility
 m - 3 potions of curing
Books
 b - a book of Flames

   Spells                             Type                      Level
   a - Flame Tongue                   Conjuration/Fire             1
   b - Throw Flame                    Conjuration/Fire             2
   c - Conjure Flame                  Conjuration/Fire             3
   d - Inner Flame                    Hexes/Fire                   3
   e - Sticky Flame                   Conjuration/Fire             4
   f - Fireball                       Conjuration/Fire             5
Comestibles
 c - 3 rations


   Skills:
 - Level 2.4 Dodging
 - Level 2.4 Stealth
 + Level 5.1 Spellcasting
 * Level 5.1 Conjurations
 + Level 4.7 Fire Magic


You had 2 spell levels left.
You knew the following spells:

 Your Spells              Type           Power        Failure   Level  Hunger
a - Flame Tongue          Conj/Fire      ####.        1%          1    None
b - Sticky Flame          Conj/Fire      ####....     13%         4    ####...
c - Conjure Flame         Conj/Fire      ####....     3%          3    ##.....
f - Fireball              Conj/Fire      ####......   34%         5    #####..


Dungeon Overview and Level Annotations

Branches:
Dungeon (4/15)
 Temple: D:4-7

Altars:
Xom


Message History

The orc priest mumbles some strange prayers to Beogh against you.
Pain shoots through your body!
Casting: Flame Tongue
Confirm with . or Enter, or press ? or * to list all spells.
Aiming: Flame Tongue
Press: ? - help, Shift-Dir - straight line, f - orc
Aim: an orc, wearing a leather armour The flame tongue hits the orc.
The orc is lightly wounded.
The orc hits you.
Casting: Flame Tongue
Confirm with . or Enter, or press ? or * to list all spells.
Aiming: Flame Tongue
Press: ? - help, Shift-Dir - straight line, f/p - orc
Aim: an orc, wearing a leather armour (lightly wounded)
The flame tongue hits the orc.
You kill the orc!
The orc priest calls down the wrath of Beogh upon you.
Beogh smites you!
You die...

.#####'#####ooo......#...
.# .......o#.#.......# .#
........###o######## .#
........+..o........ .#
........###[######## .#
........# #o# .##
........# #o# ....
........# #.# ........#.#
.... ........# #@#
........#.#
.............###.#
........#.##
.................#
........... .##.
............# ..........
..# ............#
###+##....... ..#
............#
#............
..##########.....#
#.........>..
...........'.....#
#........#...
.........###....##
#........#.#.


You could see an orc priest and 3 orcs.

Vanquished Creatures
  The ghost of crub the Skirmisher, an amateur MiFi (D:3)
  A centaur (D:4)
  A worker ant (D:4)
  4 adders
  3 worms
  2 dart slugs
  A leopard gecko (D:4)
  An orc (D:3)
  3 giant cockroaches
  11 goblins
  5 hobgoblins
  7 bats
  6 frilled lizards
  5 kobolds
  4 rats
55 creatures vanquished.

Notes
Turn   | Place    | Note
-------+----------+-------------------------------------------
     0 | D:1      | TheGoonsmith the Deep Elf Fire Elementalist began the quest for the Orb.
     0 | D:1      | Reached XP level 1. HP: 10/10 MP: 6/6
   416 | D:1      | Reached XP level 2. HP: 15/15 MP: 5/8
  1180 | D:2      | Found a shimmering altar of Xom.
  1200 | D:2      | Reached XP level 3. HP: 19/19 MP: 1/10
  1446 | D:2      | Found a faded altar of an unknown god.
  1566 | D:2      | Reached XP level 4. HP: 24/24 MP: 8/11
  1880 | D:3      | Noticed crub's ghost (amateur MiFi)
  2223 | D:4      | Upgraded the game from 0.21-a0-578-gc6e9d75 to 0.21-a0-581-gb7d493d
  2292 | D:4      | Noticed a centaur
  2298 | D:4      | Killed a centaur
  2298 | D:4      | Reached XP level 5. HP: 14/28 MP: 9/13
  2842 | D:3      | Learned a level 4 spell: Sticky Flame
  2846 | D:3      | Learned a level 3 spell: Conjure Flame
  2852 | D:3      | Learned a level 5 spell: Fireball
  2929 | D:3      | Killed crub's ghost
  2929 | D:3      | Reached skill level 5 in Spellcasting
  2929 | D:3      | Reached skill level 5 in Conjurations
  2929 | D:3      | Reached XP level 6. HP: 32/32 MP: 6/15
  3079 | D:3      | Killed from afar by an orc priest

Vault maps used:
D:1:      erik_arrival_cave_to_civilisation, minmay_door_square
D:2:      chequers_ecumenical_altar_twisty, xom_teletrap_fun
D:4:      first_ration, serial_park, serial_park_central, serial_park_square3

Skill      XL: |  1  2  3  4  5 |
---------------+----------------+-----
Conjurations   | 2 3 4 5 |  5.1
Spellcasting   | 4 5 |  5.1
Fire Magic     | 4 |  4.7
Dodging        | |  2.4
Stealth        | |  2.4

Action                   |  1- 3 |  4- 6 || total
-------------------------+-------+-------++-------
Melee: Unarmed           |     8 |       ||     8
       Dagger            |    27 |     1 ||    28
       Staff             |       |     1 ||     1
 Cast: Flame Tongue      |    76 |    54 ||   130
       Conjure Flame     |       |     2 ||     2
  Use: Scroll            |       |     6 ||     6
  Eat: Chunk             |     2 |     1 ||     3
       Ration            |       |     1 ||     1
Armor: Robe              |    15 |     5 ||    20
Dodge: Dodged            |    45 |     5 ||    50

Table legend:
 A = Spawn XP
 B = Non-spawn XP
 C = Spawn XP percentage of total XP
 D = Spawn monster count
 E = Non-spawn monster count
 F = Spawn count percentage of total count
 G = Total turns spent on level
                    A         B        C        D         E        F      G
               +---------+---------+-------+---------+---------+-------+---------
         Total |       0 |     488 |   0.0 |       0 |      55 |   0.0 |  3079
               +---------+---------+-------+---------+---------+-------+---------
           D:1 |       0 |      39 |   0.0 |       0 |      25 |   0.0 |  1093
           D:2 |       0 |      77 |   0.0 |       0 |      20 |   0.0 |   857
           D:3 |       0 |     228 |   0.0 |       0 |       6 |   0.0 |   659
           D:4 |       0 |     144 |   0.0 |       0 |       4 |   0.0 |   470
               +---------+---------+-------+---------+---------+-------+---------
